 Dungeon Crawl Stone Soup version 0.29-a0-284-gf9362112df (webtiles) character file.

Game seed: 2982421617401328869

665 epen the Vexing (level 7, -2/53 HPs)
             Began as a Gnoll Arcane Marksman on Mar 15, 2022.
             Slain by an orc warrior
             ... wielding a +0 mace
              (13 damage)
             ... on level 4 of the Dungeon.
             The game lasted 00:09:06 (5073 turns).

epen the Vexing (Gnoll Arcane Marksman)             Turns: 5073, Time: 00:09:06

Health: -2/53      AC:  8    Str:  9    XL:     7   Next: 57%
Magic:  7/12       EV: 13    Int: 13    God:
Gold:   224        SH:  0    Dex: 14    Spells: 9/13 levels left

rFire   . . .      SeeInvis .   a - +2 shortbow
rCold   . . .      Faith    .   (shield currently unavailable)
rNeg    . . .      Spirit   .   m - +3 leather armour
rPois   .          Reflect  .   (no helmet)
rElec   .          Harm     .   (no cloak)
rCorr   .          Rampage  .   (no gloves)
Will    .....                   q - +1 pair of boots
Stlth   ++........              (no amulet)
HPRegen 0.17/turn               (no ring)
MPRegen 0.13/turn               (no ring)

@: no status effects
A: fangs 1, strong nose, distributed training
a: no special abilities


You were on level 4 of the Dungeon.
You visited 1 branch of the dungeon, and saw 5 of its levels.

You collected 224 gold pieces.

Inventory:

Hand Weapons
 a - a +2 shortbow (weapon)
Armour
 b - a +0 robe
 g - a +0 leather armour of positive energy
 j - the +1 leather armour of the First Snow {rElec rF+ rN++}
   (You found it on level 2 of the Dungeon)

   rF:        It protects you from fire.
   rElec:     It insulates you from electricity.
   rN:        It greatly protects you from negative energy.
 m - a +3 leather armour (worn)
 q - a +1 pair of boots (worn)
Jewellery
 t - a ring of resist corrosion
Wands
 p - a wand of iceblast (6)
Scrolls
 c - a scroll of vulnerability
 e - 3 scrolls of identify
 f - a scroll of fog
 r - a scroll of enchant weapon
Potions
 d - 2 potions of might
 i - a potion of haste
 k - 5 potions of curing
 n - a potion of heal wounds
 o - 2 potions of invisibility


   Skills:
 + Level 3.7 Fighting
 + Level 2.5 Short Blades
 + Level 2.5 Long Blades
 + Level 2.5 Axes
 + Level 2.5 Maces & Flails
 + Level 2.5 Polearms
 + Level 2.5 Staves
 + Level 2.5 Slings
 + Level 5.3 Bows
 + Level 2.5 Crossbows
 + Level 2.5 Throwing
 + Level 2.5 Armour
 + Level 5.3 Dodging
 + Level 2.5 Stealth
 + Level 2.5 Shields
 + Level 2.5 Unarmed Combat
 + Level 3.8 Spellcasting
 + Level 2.1 Conjurations
 + Level 5.8 Hexes
 + Level 2.1 Summonings
 + Level 2.1 Necromancy
 + Level 2.1 Translocations
 + Level 2.1 Transmutations
 + Level 2.1 Fire Magic
 + Level 2.1 Ice Magic
 + Level 2.1 Air Magic
 + Level 2.1 Earth Magic
 + Level 2.1 Poison Magic
 + Level 2.8 Invocations
 + Level 2.5 Evocations


You had 9 spell levels left.
You knew the following spells:

 Your Spells              Type           Power      Damage    Failure   Level
a - Slow                  Hex            68%        N/A       2%          1
b - Inner Flame           Hex/Fire       12%        N/A       17%         3

Your spell library contained the following spells:

 Spells                   Type           Power      Damage    Failure   Level
 Portal Projectile        Hex/Tloc       24%        N/A       17%         3
 Cause Fear               Hex            8%         N/A       26%         4
 Gell's Gravitas          Tloc           8%         N/A       36%         3
 Teleport Other           Tloc           8%         N/A       36%         3
 Dispersal                Tloc           4%         N/A       100%        6


Dungeon Overview and Level Annotations

Branches:
Dungeon (5/15)
 Temple: D:4-7

Altars:
Dithmenos
Fedhas
Hepliaklqana
Uskayaw
Yredelemnul

Annotations:
D:5 Dowan, Duvessa


Innate Abilities, Weirdness & Mutations

You have very sharp teeth.
Your uncanny sense of smell can sniff out nearby items.
Your experience applies equally to all skills.


Message History

Casting: Inner Flame (dangerous; 17% risk of failure)
Confirm with . or Enter, or press ? or * to list all spells.
Aiming: Slow (safe; 2% risk of failure)
Press: ? - help, Shift-Dir - straight line, f/p - gnoll
Aim: a gnoll, wielding a +0 flail (moderately wounded, inner flame, chance to affect: 65%)
The gnoll seems to slow down.
The gnoll howls in fear.
The gnoll closely misses you.
The gnoll cries, "Help!"
Your magical contamination has completely faded away.
Shoot: a) +2 shortbow
Press: ? - help, Shift-Dir - straight line, f/p - gnoll
Aim: a gnoll, wielding a +0 flail (moderately wounded, inner flame, slow, 68% to hit)
You shoot an arrow. The arrow closely misses the gnoll.
Shoot: a) +2 shortbow
Press: ? - help, Shift-Dir - straight line, f/p - gnoll
Aim: a gnoll, wielding a +0 flail (moderately wounded, inner flame, slow, 68% to hit)
You shoot an arrow. The arrow completely misses the gnoll.
There is a stone staircase leading up here.
You climb upwards.
The orc warrior misses you.
The orc wizard gestures wildly while chanting.
The orc wizard flickers and vanishes!
Deactivating autopickup; reactivate with Ctrl-A.
The orc warrior hits you with a +0 mace.
There is a stone staircase leading down here.
The orc warrior attacks as you move away!
The orc warrior barely misses you.
The orc warrior attacks as you move away!
The orc warrior hits you with a +0 mace.
The orc warrior attacks as you move away!
The orc warrior hits you with a +0 mace!
* * * LOW HITPOINT WARNING * * *
Casting: Slow (safe; 2% risk of failure)
Confirm with . or Enter, or press ? or * to list all spells.
Aiming: Slow (safe; 2% risk of failure)
Press: ? - help, Shift-Dir - straight line, f - orc warrior
Aim: an orc warrior, wielding a +0 mace and wearing a +0 chain mail (chance to affect: 56%)
The orc warrior seems to slow down.
The orc warrior hits you with a +0 mace!
You die...

.....#.....##.>.......,,*
.....+.....##..#....##***
.....#.....##..#.####
'##'##.....##..#.#
.##.##.....##..#.#
.##.##.....##..#.#####
..[......####........#
.##.###..# #.##o###.#
.##.###..# #.##@# *,*
.##......# *#.##.#**,*
.##.###..# *......,,,*
.##.###..##*####.##***
.##.##....#**,,...,*
.##.##...##,,,,P..,*
....##...#*,,,,#.#,*
######..##*,,,,#.#,* #..#
*,,,,*,*,*****


You could see an orc warrior (slow).

Vanquished Creatures
  2 black bears
  A necrophage (D:5)
  2 scorpions
  2 hounds (D:5)
  An orc wizard (D:4)
  A gnoll (D:5)
  9 adders
  2 worms (D:4)
  5 dart slugs
  9 orcs
  8 ball pythons
  7 bats
  7 endoplasms
  A giant cockroach (D:3)
  6 goblins
  9 hobgoblins
  20 jackals
  A quokka (D:3)
  5 frilled lizards
  6 kobolds
  6 rats
110 creatures vanquished.

Vanquished Creatures (others)
  2 plants (D:5)
2 creatures vanquished.

Grand Total: 112 creatures vanquished

Notes
Turn   | Place    | Note
-------+----------+-------------------------------------------
     0 | D:1      | epen the Gnoll Arcane Marksman began the quest for the Orb.
     0 | D:1      | Reached XP level 1. HP: 17/17 MP: 4/4
     3 | D:1      | Noticed an electric eel
     4 | D:1      | Noticed an electric eel
   255 | D:1      | Reached XP level 2. HP: 23/23 MP: 5/5
   522 | D:1      | Reached XP level 3. HP: 28/28 MP: 7/7
   679 | D:1      | Reached skill level 1 in Invocations
  1097 | D:2      | Identified the +1 leather armour of the First Snow {rElec
                  | rF+ rN++}
  1102 | D:2      | Reached skill level 1 in Short Blades
  1102 | D:2      | Reached skill level 1 in Long Blades
  1102 | D:2      | Reached skill level 1 in Axes
  1102 | D:2      | Reached skill level 1 in Maces & Flails
  1102 | D:2      | Reached skill level 1 in Polearms
  1102 | D:2      | Reached skill level 1 in Staves
  1102 | D:2      | Reached skill level 1 in Slings
  1102 | D:2      | Reached skill level 1 in Crossbows
  1102 | D:2      | Reached skill level 1 in Throwing
  1102 | D:2      | Reached skill level 1 in Armour
  1102 | D:2      | Reached skill level 1 in Stealth
  1102 | D:2      | Reached skill level 1 in Shields
  1102 | D:2      | Reached skill level 1 in Unarmed Combat
  1102 | D:2      | Reached skill level 1 in Evocations
  1102 | D:2      | Reached XP level 4. HP: 34/34 MP: 8/8
  1821 | D:3      | Found a hazy altar of Hepliaklqana.
  1865 | D:3      | Found a blossoming altar of Fedhas.
  1971 | D:3      | Reached skill level 1 in Conjurations
  1971 | D:3      | Reached skill level 1 in Summonings
  1971 | D:3      | Reached skill level 1 in Necromancy
  1971 | D:3      | Reached skill level 1 in Translocations
  1971 | D:3      | Reached skill level 1 in Transmutations
  1971 | D:3      | Reached skill level 1 in Fire Magic
  1971 | D:3      | Reached skill level 1 in Ice Magic
  1971 | D:3      | Reached skill level 1 in Air Magic
  1971 | D:3      | Reached skill level 1 in Earth Magic
  1971 | D:3      | Reached skill level 1 in Poison Magic
  2395 | D:3      | Found a faded altar of an unknown god.
  2572 | D:3      | Reached XP level 5. HP: 30/40 MP: 9/9
  3085 | D:4      | Noticed an orc warrior
  3264 | D:4      | Noticed a black bear
  3281 | D:4      | Killed a black bear
  3282 | D:4      | Reached XP level 6. HP: 23/47 MP: 9/11
  3306 | D:4      | Reached skill level 5 in Bows
  3306 | D:4      | Reached skill level 5 in Dodging
  3549 | D:4      | Learned a level 3 spell: Inner Flame
  3564 | D:4      | Found a basalt altar of Yredelemnul.
  3873 | D:5      | Entered Level 5 of the Dungeon
  3948 | D:5      | Found a hide-covered altar of Uskayaw.
  4105 | D:5      | Reached XP level 7. HP: 40/52 MP: 12/12
  4338 | D:5      | Noticed Dowan
  4342 | D:5      | Noticed Duvessa
  4895 | D:5      | Found a shadowy altar of Dithmenos.
  5073 | D:4      | Slain by an orc warrior

Illustrated notes

Levels and vault maps discovered:
D:1:      arrival_aquarium_b, layout_rooms
D:2:      layout_loops_ring, serial_park_tiny_pond
D:3:      layout_loops_corners, mainiacjoe_overflow_catch_the_wave,
          shapermc_ecumenical_altar_mp_ritualfount, kennysheep_nondescript
D:4:      layout_basic, mainiacjoe_overflow_brackets, serial_shops,
          nicolae_shop_hallway_plus, minmay_lizard_king
D:5:      lemuel_castle_with_subvaults [lemuel_castle_interior_original],
          layout_cave_pools, nicolae_uskayaw_dance_hall,
          mainiacjoe_overflow_six_doors_small, doesnt_xom_only_xom,
          nicolae_qazlal_general_emergency, uniq_prince_ribbit1, uniq_duvessa,
          uniq_edmund

Skill      XL: |  1  2  3  4  5  6  7 |
---------------+----------------------+-----
Invocations    | 1 2 |  2.8
Short Blades   | 1 2 |  2.5
Long Blades    | 1 2 |  2.5
Axes           | 1 2 |  2.5
Maces & Flails | 1 2 |  2.5
Polearms       | 1 2 |  2.5
Staves         | 1 2 |  2.5
Slings         | 1 2 |  2.5
Crossbows      | 1 2 |  2.5
Throwing       | 1 2 |  2.5
Armour         | 1 2 |  2.5
Stealth        | 1 2 |  2.5
Shields        | 1 2 |  2.5
Unarmed Combat | 1 2 |  2.5
Evocations     | 1 2 |  2.5
Spellcasting   | 3 |  3.8
Conjurations   | 1 2 |  2.1
Summonings     | 1 2 |  2.1
Necromancy     | 1 2 |  2.1
Translocations | 1 2 |  2.1
Transmutations | 1 2 |  2.1
Fire Magic     | 1 2 |  2.1
Ice Magic      | 1 2 |  2.1
Air Magic      | 1 2 |  2.1
Earth Magic    | 1 2 |  2.1
Poison Magic   | 1 2 |  2.1
Fighting       | 3 |  3.7
Bows           | 5 |  5.3
Dodging        | 5 |  5.3
Hexes          | |  5.8

Action                   |  1- 3 |  4- 6 |  7- 9 || total
-------------------------+-------+-------+-------++-------
 Fire: Shortbow          |   110 |   200 |    71 ||   381
 Cast: Slow              |       |     8 |     4 ||    12
       Inner Flame       |       |     2 |     1 ||     3
  Use: Scroll            |       |    11 |     4 ||    15
Armor: Robe              |     2 |       |       ||     2
       Leather armour    |    11 |    54 |    19 ||    84
Dodge: Dodged            |    35 |   113 |    53 ||   201

Table legend: (Time is in decaauts)
 A = Elapsed time spent in this place.
 B = Non-inter-level travel time spent in this place.
 C = Inter-level travel time spent in this place.
 D = Time resting spent in this place.
 E = Time spent auto-exploring this place.
 F = Levels seen in this place.
 G = Mean time per level.
                   A        B        C        D        E       F      G
               +--------+--------+--------+--------+--------+-----+--------+
         Total |   5192 |   4981 |    211 |    437 |   3564 |   5 | 1038.4 |
       Dungeon |   5192 |   4981 |    211 |    437 |   3564 |   5 | 1038.4 |
               +--------+--------+--------+--------+--------+-----+--------+

Top non-repeatable levels by time:
     D:3: 1286 daAuts
     D:5: 1224 daAuts
     D:2: 1027 daAuts
     D:4: 848 daAuts
     D:1: 806 daAuts
